 Dungeon Crawl Stone Soup version 0.29.1-1-gd02db6906a (webtiles) character file.

Game seed: 1186319210538905291

2758 Godmorgon the Destroyer (level 9, -3/52 (54) HPs)
             Began as a Tengu Conjurer on Oct 12, 2022.
             Was a Believer of Vehumet.
             Slain by a wight
             ... wielding a +4 halberd
              (9 damage)
             ... on level 7 of the Dungeon.
             The game lasted 00:39:45 (10403 turns).

Godmorgon the Destroyer (Tengu Conjurer)           Turns: 10403, Time: 00:39:46

HP:   -3/52 (54)    AC:  3    Str:  7    XL:     9   Next: 69%
MP:   8/18          EV: 14    Int: 22    God:    Vehumet [**....]
Gold: 223           SH:  0    Dex: 14    Spells: 8/19 levels left

rFire   . . .      SeeInvis .   a - +1 rapier (vamp)
rCold   + . .      Faith    .   (no shield)
rNeg    . . .      Spirit   .   c - +0 robe
rPois   .          Reflect  .   (helmet restricted)
rElec   .          Harm     .   k - +0 cloak
rCorr   .          Rampage  .   (no gloves)
Will    .....                   (boots unavailable)
Stlth   ++........              (no amulet)
HPRegen 0.17/turn               m - ring of protection from cold
MPRegen 0.16/turn               (no ring)

@: flying quickly and evasively, lightly drained, quick
A: beak, talons 3, nimble flight
a: Renounce Religion


You were on level 7 of the Dungeon.
You worshipped Vehumet.
Vehumet was pleased with you.
You visited 1 branch of the dungeon, and saw 7 of its levels.

You collected 353 gold pieces.
You spent 130 gold pieces at shops.

Inventory:

Hand Weapons
 a - a +1 vampiric rapier (weapon)
 f - a +4 mace of protection
Missiles
 d - a curare-tipped dart
 q - 2 throwing nets
 r - 23 poisoned darts
 v - 3 silver boomerangs
Armour
 c - a +0 robe (worn)
 k - a +0 cloak (worn)
Jewellery
 m - a ring of protection from cold (left hand)
Wands
 s - a wand of flame (13)
 t - a wand of mindburst (6)
Scrolls
 b - a scroll of identify
 g - a scroll of enchant weapon
 o - a scroll of immolation
 p - 3 scrolls of poison
Potions
 e - a potion of resistance {unknown}
 h - 2 potions of attraction {unknown}
 i - a potion of ambrosia {unknown}
 j - a potion of lignification {unknown}
 u - a potion of cancellation {unknown}
 w - a potion of haste
 x - 2 potions of flight {unknown}


   Skills:
 + Level 5.1 Fighting
 - Level 4.0 Short Blades
 - Level 2.1 Dodging
 - Level 2.0 Stealth
 + Level 5.6 Spellcasting
 + Level 9.2 Conjurations
 * Level 7.9 Fire Magic
 + Level 1.4 Air Magic
 + Level 1.1 Poison Magic


You had 8 spell levels left.
You knew the following spells:

 Your Spells              Type           Power      Damage    Failure   Level
d - Magic Dart            Conj           100%       1d8       1%          1
f - Flame Wave            Conj/Fire      44%        2d11      2%          4
p - Poisonous Vapours     Pois/Air       22%        N/A       9%          2
s - Scorch                Fire           82%        2d9       1%          2
S - Searing Ray           Conj           94%        2d7       1%          2

Your spell library contained the following spells:

 Spells                   Type           Power      Damage    Failure   Level
 Dazzling Flash           Conj/Hex       52%        N/A       4%          3
 Fulminant Prism          Conj/Hex       13%        3d9       14%         4
 Iskenderun's Mystic Bla  Conj/Tloc      26%        2d7       14%         4
 Animate Dead             Necr           6%         N/A       67%         4
 Summon Cactus Giant      Summ           3%         N/A       100%        6
 Haunt                    Necr/Summ      3%         N/A       100%        7
 Infestation              Necr           3%         N/A       100%        8


Dungeon Overview and Level Annotations

Branches:
Dungeon (7/15)             Temple (0/1) D:6

Altars:
Ashenzari
Elyvilon
Fedhas
Gozag
Hepliaklqana
Nemelex Xobeh
Sif Muna
Trog
Vehumet
Xom
Yredelemnul

Shops:
D:1 !   D:6 (


Innate Abilities, Weirdness & Mutations

You have a beak for a mouth.
You have claws for feet.
Your magical nature lets you fly swiftly and evasively.


Message History

The killer bee closely misses you.
Your Air Magic skill increases to level 1!
Casting: Flame Wave (dangerous; 2% risk of failure)
Confirm with . or Enter, or press ? or * to list all spells.
Casting: Flame Wave (dangerous; 2% risk of failure)
Press: ? - help, Dir - look around, f - activate A wave of flame ripples out!
The flame wave engulfs the killer bee!
The killer bee is almost dead. (Press . to intensify the flame waves.)
The killer bee buzzes angrily.
You feel sick. The killer bee completely misses you. The killer bee stings you.
A wave of flame ripples out!
The flame wave engulfs the killer bee!
You kill the killer bee!
Vehumet accepts your kill.
The flame wave engulfs the killer bee!
You kill the killer bee!
Vehumet accepts your kill.
You feel sick.
Your Poison Magic skill increases to level 1!
You start resting.
You feel sick. x4
You are no longer poisoned.
You start resting.
A wight comes into view. It is wielding a +2 flail.
A wight comes into view. It is wielding a +4 halberd.
A wight comes into view. It is wielding a +2 short sword.
You see here a killer bee corpse.
You see here a killer bee corpse.
Casting: Flame Wave (dangerous; 2% risk of failure)
Confirm with . or Enter, or press ? or * to list all spells.
Casting: Flame Wave (dangerous; 2% risk of failure)
Press: ? - help, Dir - look around, f - activate A wave of flame ripples out! (Press . to intensify the flame waves.)
The wight hits you from afar with a +4 halberd!
A wave of flame ripples out!
The flame wave engulfs the wight!
The wight is heavily damaged.
The wight hits you from afar with a +4 halberd!!
* * * LOW HITPOINT WARNING * * *
You feel drained.
You die...

.......########
................
................
................
#...............
................
....zzz.........
........†..........
.......#@##.####..#
.......#.##.# #..#
.......#..#.# #..
.......##...####.#
....... ###...##.##
.##########.......#
............###
......####.##.##
....#...).......#.#


You could see 3 wights.

Vanquished Creatures
  Eustachio (D:4)
  3 black bears (D:5)
  An orc warrior (D:6)
  A sky beast (D:6)
  An ogre (D:5)
  2 ice beasts
  2 centaurs
  A phantom (D:6)
  3 kobold brigands (D:6)
  A bullfrog (D:6)
  5 scorpions
  5 killer bees (D:7)
  2 electric eels (D:6)
  3 jellies
  5 hounds
  Crazy Yiuf (D:5)
  3 iguanas
  2 orc wizards (D:6)
  11 adders
  17 gnolls
  A dart slug (D:3)
  A worm (D:4)
  18 orcs
  8 bats
  3 endoplasms
  3 giant cockroaches
  4 goblins
  13 hobgoblins
  3 jackals (D:4)
  5 quokkas
  3 training dummies (D:6)
  5 ball pythons
  5 frilled lizards
  38 kobolds
  6 rats
  A spectral orc (D:3)
  A butterfly (D:3)
188 creatures vanquished.

Notes
Turn   | Place    | Note
-------+----------+-------------------------------------------
     0 | D:1      | Godmorgon the Tengu Conjurer began the quest for the Orb.
     0 | D:1      | Reached XP level 1. HP: 10/10 MP: 4/4
   146 | D:1      | Found Isedaupp's Distillery.
   269 | D:1      | Reached XP level 2. HP: 15/15 MP: 4/6
   272 | D:1      | Learned a level 2 spell: Searing Ray
  1094 | D:1      | Reached XP level 3. HP: 19/19 MP: 6/8
  1492 | D:2      | Found a faded altar of an unknown god.
  1614 | D:2      | Reached skill level 6 in Conjurations
  1727 | D:2      | Reached skill level 1 in Fighting
  1727 | D:2      | Reached XP level 4. HP: 18/25 MP: 5/9
  1863 | D:2      | Learned a level 2 spell: Scorch
  2204 | D:1      | Bought a potion of curing for 30 gold pieces
  2350 | D:3      | Found a sparkling altar of Nemelex Xobeh.
  2523 | D:3      | Reached skill level 1 in Fire Magic
  2524 | D:3      | Found a white marble altar of Elyvilon.
  2718 | D:3      | Found a basalt altar of Yredelemnul.
  2782 | D:3      | Found a shimmering altar of Xom.
  2851 | D:3      | Found an opulent altar of Gozag.
  3265 | D:4      | Gained mutation: Your magical nature lets you fly swiftly
                  | and evasively. [Tengu growth]
  3265 | D:4      | Reached XP level 5. HP: 29/29 MP: 6/10
  3734 | D:4      | Noticed a moth of wrath
  3737 | D:4      | Found a bloodstained altar of Trog.
  3814 | D:4      | Reached XP level 6. HP: 35/35 MP: 6/12
  3979 | D:4      | Noticed Eustachio
  3987 | D:4      | Killed Eustachio
  3988 | D:4      | Reached skill level 7 in Conjurations
  5126 | D:5      | Entered Level 5 of the Dungeon
  5179 | D:5      | Reached XP level 7. HP: 40/40 MP: 8/13
  5234 | D:5      | Found a broken altar of Ashenzari.
  5314 | D:5      | Reached skill level 1 in Short Blades
  5580 | D:5      | Found a runed translucent door.
  5581 | D:5      | Noticed Crazy Yiuf
  5836 | D:5      | Found a shimmering blue altar of Sif Muna.
  5865 | D:5      | Reached XP level 8. HP: 46/46 MP: 5/15
  5960 | D:5      | Reached skill level 5 in Fire Magic
  6263 | D:5      | Found a blossoming altar of Fedhas.
  6276 | D:5      | Reached skill level 8 in Conjurations
  6717 | D:5      | Killed Crazy Yiuf
  7105 | D:6      | Found Loannuodgh's Firing Range.
  7303 | D:1      | Bought a potion of haste for 100 gold pieces
  7544 | D:6      | Found a radiant altar of Vehumet.
  7552 | D:6      | Became a worshipper of Vehumet
  8010 | D:6      | Reached skill level 5 in Spellcasting
  8010 | D:6      | Reached XP level 9. HP: 52/52 MP: 10/17
  8092 | D:6      | Found a staircase to the Ecumenical Temple.
  8119 | D:6      | Learned a level 4 spell: Flame Wave
  8631 | D:6      | Reached * piety under Vehumet
  8631 | D:6      | Offered knowledge of Foxfire by Vehumet.
  8967 | D:6      | Reached skill level 9 in Conjurations
  9377 | D:6      | Found a hazy altar of Hepliaklqana.
  9436 | D:6      | Offered knowledge of Poisonous Vapours by Vehumet.
  9446 | D:6      | Learned a level 2 spell: Poisonous Vapours
  9683 | D:6      | Reached ** piety under Vehumet
  9696 | D:6      | HP: 2/53 [kobold brigand/+0 dagger (1)]
 10022 | D:6      | Reached skill level 5 in Fighting
 10368 | D:7      | Reached skill level 1 in Air Magic
 10370 | D:7      | Reached skill level 1 in Poison Magic
 10403 | D:7      | Slain by a wight

Illustrated notes

Levels and vault maps discovered:
D:1:      nicolae_arrival_washed_ashore, layout_basic, serial_shops, shop
D:2:      layout_basic, hellmonk_ecumenical_altar_heavens_door
D:3:      layout_rooms, yredelemnul_forgotten_temple_becter,
          nicolae_gozag_cash_rules_everything_around_me, xom_butterflies,
          mainiacjoe_overflow_cross_hatched, lemuel_doored_altar
D:4:      layout_basic, tgw_trog, serial_park_tiny_pond,
          nicolae_figureground_pulse, uniq_eustachio
D:5:      layout_loops_corners, nicolae_ashenzari_panopticon,
          kennysheep_little_box, fedhas_bush_and_centaur_altar, st_stairs_3,
          uniq_crazy_yiuf_cottage
D:6:      minmay_goblin_kobold_castle, layout_loops_ring,
          nzn_hepliaklqana_mist_gate, vehumet_crystals,
          minmay_temple_entry_stoned_glass, nicolae_shop_firing_range
D:7:      layout_basic, tso_altar, uniq_maggie

Skill      XL: |  1  2  3  4  5  6  7  8  9 |
---------------+----------------------------+-----
Conjurations   | 6 7 8 9 |  9.2
Fighting       | 1 2 3 4 5 |  5.1
Spellcasting   | 3 4 5 |  5.6
Fire Magic     | 1 2 3 4 6 7 |  7.9
Short Blades   | 2 3 4 |  4.0
Air Magic      | 1 |  1.4
Poison Magic   | 1 |  1.1
Dodging        | |  2.1
Stealth        | |  2.0

Action                   |  1- 3 |  4- 6 |  7- 9 || total
-------------------------+-------+-------+-------++-------
Melee: Mace              |    26 |    16 |       ||    42
       Kick              |     6 |     7 |    10 ||    23
       Peck              |     5 |     1 |     9 ||    15
       Rapier            |       |    13 |    44 ||    57
       Punch             |       |       |     1 ||     1
 Cast: Magic Dart        |    24 |    46 |    10 ||    80
       Searing Ray       |     5 |    19 |     5 ||    29
       Scorch            |       |     2 |   140 ||   142
       Flame Wave        |       |       |     5 ||     5
  Use: Scroll            |       |     1 |     7 ||     8
       Potion            |       |       |     6 ||     6
 Stab: Sleeping          |     3 |     3 |       ||     6
Armor: Robe              |     8 |     6 |    21 ||    35
Dodge: Dodged            |    23 |    22 |    85 ||   130
